 Dungeon Crawl Stone Soup version 0.28-a0-94-g325244837d (webtiles) character file.

Game seed: 10883778144863312367

698 ZeroWinrate the Magician (level 7, -4/45 HPs)
             Began as a Djinni Conjurer on Aug 7, 2021.
             Slain by a wyvern zombie (12 damage)
             ... on level 6 of the Dungeon.
             The game lasted 00:07:58 (5678 turns).

ZeroWinrate the Magician (Djinni Conjurer)          Turns: 5678, Time: 00:08:00

Health: -4/45      AC:  6    Str:  6    XL:     7   Next: 97%
Gold:   172        EV: 13    Int: 22    God:
                   SH:  0    Dex: 11

rFire   + + .      SeeInvis .   m - +2 dagger (vamp)
rCold   x . .      Faith    .   (no shield)
rNeg    . . .      Spirit   .   a - +0 robe
rPois   ∞          Reflect  .   (no helmet)
rElec   .          Harm     .   (no cloak)
rCorr   .          Rampage  .   (no gloves)
Will    .....                   (boots unavailable)
Stlth   ++........              (no amulet)
HPRegen 0.15/turn               o - +4 ring of protection
MPRegen 0.00/turn               (no ring)

@: flying
A: sickness immunity, fire resistance 2, cold vulnerability 1, float, innate
caster, hp casting, extra vitality 1
a: no special abilities


You were on level 6 of the Dungeon.
You visited 2 branches of the dungeon, and saw 7 of its levels.

You collected 172 gold pieces.

Inventory:

Hand Weapons
 m - a +2 vampiric dagger (weapon)
Missiles
 t - 2 throwing nets
Armour
 a - a +0 robe (worn)
Jewellery
 o - a +4 ring of protection (left hand)
 v - an amulet of reflection
Wands
 c - a wand of iceblast (8)
 k - a wand of mindburst (16)
Scrolls
 b - a scroll of noise
 f - a scroll of holy word
 g - a scroll of brand weapon
 i - 2 scrolls of fear
 j - a scroll of vulnerability
 n - a scroll of teleportation
Potions
 d - a potion of heal wounds
 e - a potion of haste {unknown}
 h - a potion of degeneration {unknown}
 l - 2 potions of ambrosia {unknown}
 p - a potion of invisibility {unknown}
 q - a potion of lignification {unknown}
 r - 2 potions of might {unknown}
 s - 2 potions of curing {unknown}
 u - 2 potions of mutation {unknown}


   Skills:
 + Level 2.4 Armour
 + Level 3.7 Dodging
 - Level 1.5 Stealth
 + Level 6.4 Spellcasting


You couldn't memorise any spells.
You knew the following spells:

 Your Spells              Type           Power      Damage    Failure   Level
a - Magic Dart            Conj           100%       1d8       1%          1
b - Searing Ray           Conj           70%        3d5       1%          2
c - Dazzling Flash        Conj/Hex       70%        N/A       1%          3
d - Fulminant Prism       Conj/Hex       17%        3d11      6%          4
e - Iskenderun's Mystic   Conj/Tloc      35%        2d8       6%          4
f - Sandblast             Erth           70%        2d15      1%          1
g - Corpse Rot            Necr/Air       N/A        N/A       1%          2
h - Slow                  Hex            35%        N/A       1%          2
Your spell library was empty.

Dungeon Overview and Level Annotations

Branches:
Dungeon (6/15)             Temple (1/1) D:4

Altars:
Ashenzari
Cheibriados
Dithmenos
Elyvilon
Fedhas
Gozag
Hepliaklqana
Kikubaaqudgha
Nemelex Xobeh
Qazlal
Trog
Uskayaw
Vehumet
Wu Jian
Xom
Yredelemnul
The Shining One


Innate Abilities, Weirdness & Mutations

You are immune to sickness and miasma.
You are immune to poison.
Your flesh is very heat resistant. (rF++)
You are vulnerable to cold. (rC-)
You float through the air rather than walking.
You learn spells naturally, not from books.
Your magical power is your life essence.
You have superior vitality. (+4 HP)


Message History

The wyvern zombie is almost destroyed.
The wyvern zombie bites you.
Unknown command.
Casting: Magic Dart (safe; 1% risk of failure)
Confirm with . or Enter, or press ? or * to list all spells.
Aiming: Magic Dart (safe; 1% risk of failure)
Press: ? - help, Shift-Dir - straight line, f/p - wyvern zombie
Aim: a wyvern zombie (almost destroyed, 100% to hit)
The magic dart hits the wyvern zombie.
The wyvern zombie is almost destroyed.
The wyvern zombie closely misses you. The wyvern zombie barely misses you.
Unknown command.
Casting: Magic Dart (safe; 1% risk of failure)
Confirm with . or Enter, or press ? or * to list all spells.
Aiming: Magic Dart (safe; 1% risk of failure)
Press: ? - help, Shift-Dir - straight line, f/p - wyvern zombie
Aim: a wyvern zombie (almost destroyed, 100% to hit)
The magic dart hits the wyvern zombie.
The wyvern zombie is almost destroyed.
The wyvern zombie barely misses you.
Unknown command.
Casting: Magic Dart (safe; 1% risk of failure)
Confirm with . or Enter, or press ? or * to list all spells.
Aiming: Magic Dart (safe; 1% risk of failure)
Press: ? - help, Shift-Dir - straight line, f/p - wyvern zombie
Aim: a wyvern zombie (almost destroyed, 100% to hit)
The magic dart hits the wyvern zombie.
The wyvern zombie is almost destroyed.
The wyvern zombie bites you!
* * * LOW HITPOINT WARNING * * *
Casting: Magic Dart (safe; 1% risk of failure)
Confirm with . or Enter, or press ? or * to list all spells.
Aiming: Magic Dart (safe; 1% risk of failure)
Press: ? - help, Shift-Dir - straight line, f/p - wyvern zombie
Aim: a wyvern zombie (almost destroyed, 100% to hit)
The magic dart hits the wyvern zombie.
The wyvern zombie is almost destroyed.
* * * LOW HITPOINT WARNING * * *
The wyvern zombie bites you!
You die...

## ... ### ..#
... #.# ### #..
#.#########.#
.......@Z..# ##
##.#######.#
..# #.## #..#
##.###...##
#######...#...#
........†.....#
#######........
#...#####..
#.#.# .


You could see a wyvern zombie.

Vanquished Creatures
  An ogre (D:4)
  A phantom (D:6)
  A bullfrog (D:6)
  2 scorpions (D:6)
  A jelly (D:6)
  2 hounds (D:4)
  2 orc wizards (D:4)
  An orc priest (D:5)
  A hound skeleton (D:4)
  4 adders
  4 gnolls (D:2)
  An ufetubus (D:4)
  3 dart slugs
  A worm (D:3)
  9 orcs
  7 ball pythons
  6 endoplasms
  7 giant cockroaches
  5 goblins
  9 hobgoblins
  9 kobolds
  3 quokkas
  8 bats
  3 frilled lizards
  6 rats
97 creatures vanquished.

Vanquished Creatures (others)
  A fulminant prism (D:4)
1 creature vanquished.

Grand Total: 98 creatures vanquished

Notes
Turn   | Place    | Note
-------+----------+-------------------------------------------
     0 | D:1      | ZeroWinrate the Djinni Conjurer began the quest for the
                  | Orb.
     0 | D:1      | Reached XP level 1. HP: 15/15 MP: 0/0
   427 | D:1      | Reached XP level 2. HP: 20/21 MP: 0/0
  1143 | D:1      | Reached XP level 3. HP: 24/25 MP: 0/0
  1143 | D:1      | Learned a level 1 spell: Sandblast
  1286 | D:1      | Found a faded altar of an unknown god.
  1539 | D:2      | Reached skill level 4 in Spellcasting
  1926 | D:2      | Reached XP level 4. HP: 20/31 MP: 0/0
  2647 | D:3      | Reached XP level 5. HP: 25/35 MP: 0/0
  2647 | D:3      | Learned a level 2 spell: Corpse Rot
  2928 | D:3      | Found a snail-covered altar of Cheibriados.
  3360 | D:4      | Found a faded altar of an unknown god.
  3360 | D:4      | Found a shimmering altar of Xom.
  3368 | D:4      | Found a faded altar of an unknown god.
  3370 | D:4      | Found a basalt altar of Yredelemnul.
  3372 | D:4      | Found an opulent altar of Gozag.
  3395 | D:4      | Reached skill level 5 in Spellcasting
  3601 | D:4      | Reached XP level 6. HP: 30/40 MP: 0/0
  3940 | D:4      | Noticed an ogre
  3945 | D:4      | Killed an ogre
  3946 | D:4      | Reached skill level 6 in Spellcasting
  4410 | D:4      | Reached XP level 7. HP: 43/45 MP: 0/0
  4410 | D:4      | Learned a level 2 spell: Slow
  4658 | D:4      | Found a staircase to the Ecumenical Temple.
  4766 | Temple   | Entered the Ecumenical Temple
  4894 | D:5      | Entered Level 5 of the Dungeon
  4977 | D:6      | Reached skill level 1 in Armour
  5678 | D:6      | Slain by a wyvern zombie

Illustrated notes

Levels and vault maps discovered:
D:1:      ebering_trefoil_twist, layout_rooms,
          shapermc_ecumenical_altar_hornbeckon
D:2:      layout_rooms
D:3:      layout_rooms, mainiacjoe_overflow_chevrons, nicolae_underground_beach
D:4:      minmay_thinvault, layout_gridville,
          chequers_temple_overflow_minitemple, minmay_temple_entry_nine_rooms
D:5:      layout_loops_cross, portal_sewer_entry_a, serial_shops, shop,
          nicolae_shop_overcharged_wands, uniq_prince_ribbit1
D:6:      layout_loops_ring, nicolae_ru_the_path_less_chosen,
          lightli_temple_of_fire
Temple:   dshaligram_water_room_temple

Skill      XL: |  1  2  3  4  5  6  7 |
---------------+----------------------+-----
Spellcasting   | 4 5 6 |  6.4
Armour         | 2 |  2.4
Dodging        | 3 |  3.7
Stealth        | |  1.5

Action                   |  1- 3 |  4- 6 |  7- 9 || total
-------------------------+-------+-------+-------++-------
Melee: Dagger            |       |     6 |     6 ||    12
 Cast: Magic Dart        |    72 |    84 |    32 ||   188
       Searing Ray       |     1 |     9 |     5 ||    15
       Fulminant Prism   |       |     1 |       ||     1
  Use: Scroll            |       |       |     7 ||     7
       Potion            |       |       |     1 ||     1
Armor: Robe              |     3 |    11 |     6 ||    20
Dodge: Dodged            |     4 |    18 |    22 ||    44

Table legend: (Time is in decaauts)
 A = Elapsed time spent in this place.
 B = Non-inter-level travel time spent in this place.
 C = Inter-level travel time spent in this place.
 D = Time resting spent in this place.
 E = Time spent auto-exploring this place.
 F = Levels seen in this place.
 G = Mean time per level.
                   A        B        C        D        E       F      G
               +--------+--------+--------+--------+--------+-----+--------+
         Total |   5675 |   5513 |    162 |   2016 |   2891 |   7 |  810.7 |
       Dungeon |   5582 |   5442 |    140 |   2016 |   2823 |   6 |  930.3 |
        Temple |     93 |     71 |     22 |      0 |     68 |   1 |   93.0 |
               +--------+--------+--------+--------+--------+-----+--------+

Top non-repeatable levels by time:
     D:1: 1533 daAuts
     D:4: 1496 daAuts
     D:2: 1031 daAuts
     D:3: 737 daAuts
     D:6: 703 daAuts
  Temple: 93 daAuts
     D:5: 79 daAuts
